 Dungeon Crawl Stone Soup version 0.31-a0-986-g5e6e4ef867 (webtiles) character file.

Game seed: 8566433995734831280

1132 skwerlee the Thaumaturge (level 8, -2/36 HPs)
             Began as a Spriggan Venom Mage on Nov 12, 2023.
             Was an Initiate of Sif Muna.
             Engulfed by a steam dragon's steam (7 damage)
             ... on level 5 of the Dungeon.
             The game lasted 00:36:35 (6459 turns).

skwerlee the Thaumaturge (Spriggan Venom Mage)      Turns: 6459, Time: 00:36:35

Health: -2/36      AC:  4    Str:  4    XL:     8   Next: 13%
Magic:  16/21      EV: 17    Int: 19    God:    Sif Muna [......]
Gold:   162        SH:  0    Dex: 15    Spells: 18/24 levels left

rFire   . . .        e - +0 falchion
rCold   . . .        (no shield)
rNeg    . . .        a - +0 robe
rPois   .            j - +2 hat
rElec   .            (no cloak)
rCorr   .            (gloves unavailable)
SInv    +            (boots unavailable)
Will    +....        (no amulet)
Stlth   ++           (no ring)
HPRegen 0.26/turn    (no ring)
MPRegen 0.17/turn

%: no passive effects
@: very quick
A: very small, no large weapons, unfitting armour, see invisible, speed 3
a: Renounce Religion


You were on level 5 of the Dungeon.
You worshipped Sif Muna.
Sif Muna was noncommittal.
You visited 2 branches of the dungeon, and saw 6 of its levels.

You collected 162 gold pieces.

Inventory:

Hand Weapons
 e - a +0 falchion (weapon)
Armour
 a - a +0 robe (worn)
 f - an orb of energy
 j - a +2 hat (worn)
Magical Staves
 i - a staff of death
Jewellery
 m - a ring of poison resistance
 u - a ring of magical power
Wands
 h - a wand of mindburst (8)
 l - a wand of acid (10)
Scrolls
 c - 3 scrolls of identify
 n - a scroll of revelation {unknown}
 p - 2 scrolls of enchant armour {unknown}
 q - a scroll of teleportation {unknown}
 r - a scroll of vulnerability {unknown}
 s - a scroll of immolation {unknown}
Potions
 b - a potion of magic
 d - a potion of ambrosia {unknown}
 g - 2 potions of curing {unknown}
 k - a potion of cancellation {unknown}
 o - a potion of attraction {unknown}
 t - 2 potions of haste {unknown}


   Skills:
 - Level 2.8 Dodging
 - Level 3.6 Stealth
 + Level 8.9 Spellcasting
 - Level 3.2 Transmutations
 + Level 1.3 Fire Magic
 + Level 6.2 Poison Magic
 + Level 0.7 Evocations


You had 18 spell levels left.
You knew the following spells:

 Your Spells              Type           Power      Damage    Failure   Level
a - Sting                 Tmut/Pois      100%       1d8       1%          1
b - Olgreb's Toxic Radia  Pois           32%        N/A       6%          4
c - Foxfire               Conj/Fire      44%        2x1d6     6%          1

Your spell library contained the following spells:

 Spells                   Type           Power      Damage    Failure   Level
 Poisonous Vapours        Pois/Air       40%        N/A       3%          2
 Mephitic Cloud           Conj/Pois/Air  16%        N/A       11%         3
 Plasma Beam              Fire/Air       5%         2x1d16    100%        6
 Starburst                Conj/Fire      5%         6d4       100%        6


Dungeon Overview and Level Annotations

Branches:
Dungeon (5/15)             Temple (1/1) D:4

Altars:
Ashenzari
Dithmenos
Elyvilon
Fedhas
Gozag
Hepliaklqana
Kikubaaqudgha
Qazlal
Ru
Sif Muna
Trog
Uskayaw
Yredelemnul
The Shining One

Annotations:
D:5 1 runed translucent door, Crazy Yiuf


Innate Abilities, Weirdness & Mutations

You are very small and have problems with some larger weapons.
You are too small for most types of armour.
You have supernaturally acute eyesight. (SInv)
You cover ground extremely quickly. (Speed+++)


Message History

Press: ? - help, Q - select action, (/) - cycle Dir - look around, f - activate You conjure some foxfire!
The foxfire hits the steam dragon.
The steam dragon is lightly wounded.
Casting: Foxfire (safe; 6% risk of failure)
Press: ? - help, Q - select action, (/) - cycle Dir - look around, f - activate You conjure some foxfire!
The foxfire hits the steam dragon.
The steam dragon is moderately wounded.
The steam dragon misses you. The steam dragon barely misses you.
Casting: Foxfire (safe; 6% risk of failure)
Press: ? - help, Q - select action, (/) - cycle Dir - look around, f - activate You conjure some foxfire!
Casting: Foxfire (safe; 6% risk of failure)
Press: ? - help, Q - select action, (/) - cycle Dir - look around, f - activate You conjure some foxfire!
Your foxfire dissipates!
The foxfire hits the steam dragon.
The steam dragon is moderately wounded.
Casting: Foxfire (safe; 6% risk of failure)
Confirm with . or Enter, or press ? or * to list all spells.
Aiming: Sting (safe; 1% risk of failure)
Press: ? - help, Shift-Dir - straight line, f - steam dragon
Aim: a steam dragon (moderately wounded, ally target, 78% to hit)
The sting misses the steam dragon.
The foxfire hits the steam dragon but does no damage.
The steam dragon is moderately wounded.
The steam dragon bites you! The steam dragon claws you.
Okay, then.
Unknown command.
The foxfire hits the steam dragon.
The steam dragon is heavily wounded.
The steam dragon breathes steam at you. The ball of steam hits you!
* * * LOW HITPOINT WARNING * * *
Unknown command.
The steam dragon breathes steam at you. The ball of steam misses you.
You are engulfed in a cloud of scalding steam.
You die...

#.###.#.#.## ##>
#.§...# ##.. ###.###
#.## #.D.# #.# #.###
#.## #§# #... #§#
##.#.
####§#############....
#####
#..§§@.............###
#..)#
####.###############..
#...# #.....#
#######... ...
###..##.# #.....#...
#+# #....##.#
#.#####... ##.#
###.###.#####.# ##..
#.## #...# #.......#
#### ##.# #####
##......# #..# #.##
#.####.#####..#


There were no monsters in sight!

Vanquished Creatures
  A water moccasin (D:3)
  An ice beast (D:5)
  2 ogres
  A bullfrog (D:4)
  A scorpion (D:3)
  4 wights (D:4)
  An orc priest (D:2)
  A hound (D:5)
  An iguana (D:4)
  3 orc wizards
  10 adders
  6 gnolls
  A white imp (D:5)
  2 ufetubi (D:5)
  2 worms (D:3)
  2 dart slugs
  14 orcs
  6 ball pythons
  8 bats
  5 endoplasms
  2 giant cockroaches
  4 goblins
  11 hobgoblins
  5 jackals
  8 kobolds
  2 quokkas (D:1)
  4 frilled lizards
  4 rats
112 creatures vanquished.

Vanquished Creatures (others)
  181 foxfires
181 creatures vanquished.

Grand Total: 293 creatures vanquished

Notes
Turn   | Place    | Note
-------+----------+-------------------------------------------
     0 | D:1      | skwerlee the Spriggan Venom Mage began the quest for the
                  | Orb.
     0 | D:1      | Reached XP level 1. HP: 9/9 MP: 5/5
   278 | D:1      | Reached XP level 2. HP: 9/13 MP: 4/6
   361 | D:1      | Reached skill level 3 in Spellcasting
   603 | D:1      | Reached XP level 3. HP: 16/16 MP: 4/8
  1338 | D:2      | Reached XP level 4. HP: 21/21 MP: 5/10
  1615 | D:2      | Identified the +0 chain mail of the Hall of Blades {Dex+2}
  1782 | D:2      | Reached skill level 4 in Spellcasting
  1895 | D:2      | Learned a level 4 spell: Olgreb's Toxic Radiance
  2237 | D:2      | Reached XP level 5. HP: 24/24 MP: 7/12
  2700 | D:3      | Found a hazy altar of Hepliaklqana.
  3297 | D:3      | Found a shadowy altar of Dithmenos.
  3318 | D:3      | Reached skill level 5 in Spellcasting
  3743 | D:4      | Noticed an ogre
  3751 | D:4      | Noticed a water moccasin
  3753 | D:4      | Killed an ogre
  3754 | D:4      | Reached skill level 5 in Poison Magic
  3754 | D:4      | Reached XP level 6. HP: 28/28 MP: 9/15
  3808 | D:3      | Killed a water moccasin
  3809 | D:3      | Reached skill level 6 in Spellcasting
  4220 | D:4      | Found a staircase to the Ecumenical Temple.
  4237 | Temple   | Entered the Ecumenical Temple
  4317 | Temple   | Became a worshipper of Sif Muna the Loreminder
  4454 | D:4      | Learned a level 1 spell: Foxfire
  4618 | D:4      | Reached XP level 7. HP: 32/32 MP: 7/17
  4882 | D:4      | Reached skill level 7 in Spellcasting
  5228 | D:5      | Entered Level 5 of the Dungeon
  5705 | D:5      | Reached skill level 8 in Spellcasting
  5819 | D:5      | Reached skill level 1 in Fire Magic
  5819 | D:5      | Reached XP level 8. HP: 36/36 MP: 8/21
  6048 | D:5      | Found a runed translucent door.
  6049 | D:5      | Noticed Crazy Yiuf
  6459 | D:5      | Engulfed by a steam dragon's steam

Illustrated notes

Levels and vault maps discovered:
D:1:      wander_arrival_fairy_ring, layout_basic, minmay_distorted
D:2:      layout_basic
D:3:      layout_loops_ring, old_standard_altar,
          grunt_dithmenos_smoke_and_mirrors, cheibrodos_sewer_entry_bend
D:4:      layout_rooms, minmay_temple_entry_mist
D:5:      layout_loops_ring, eino_small_chamber_without_monster,
          hangedman_abyss_or_decor_stabs, uniq_crazy_yiuf_cottage
Temple:   minmay_temple_bridge_abc

Skill      XL: |  1  2  3  4  5  6  7 |
---------------+----------------------+-----
Spellcasting   | 3 4 5 6 8 |  8.9
Transmutations | 2 3 |  3.2
Poison Magic   | 4 5 6 |  6.2
Fire Magic     | 1 |  1.3
Dodging        | |  2.8
Stealth        | |  3.6
Evocations     | |  0.7

Action                     |  1- 3 |  4- 6 |  7- 9 || total
---------------------------+-------+-------+-------++-------
  Melee: Unarmed           |     1 |       |       ||     1
         Falchion          |     2 |     2 |       ||     4
         Staff             |       |     3 |       ||     3
   Cast: Sting             |    59 |   149 |     6 ||   214
         Foxfire           |       |    13 |   109 ||   122
  Evoke: Wand              |       |     3 |     1 ||     4
    Use: Scroll            |       |     2 |       ||     2
 Armour: Robe              |     6 |    25 |    20 ||    51
  Dodge: Dodged            |    21 |    75 |    20 ||   116

Table legend: (Time is in decaauts)
 A = Elapsed time spent in this place.
 B = Non-inter-level travel time spent in this place.
 C = Inter-level travel time spent in this place.
 D = Time resting spent in this place.
 E = Time spent auto-exploring this place.
 F = Levels seen in this place.
 G = Mean time per level.
                   A        B        C        D        E       F      G
               +--------+--------+--------+--------+--------+-----+--------+
         Total |   4958 |   4900 |     58 |   1889 |   1588 |   6 |  826.3 |
       Dungeon |   4892 |   4834 |     58 |   1889 |   1588 |   5 |  978.4 |
        Temple |     66 |     66 |      0 |      0 |      0 |   1 |   66.0 |
               +--------+--------+--------+--------+--------+-----+--------+

Top non-repeatable levels by time:
     D:2: 1276 daAuts
     D:3: 1077 daAuts
     D:4: 1014 daAuts
     D:1: 918 daAuts
     D:5: 604 daAuts
  Temple: 66 daAuts
